 Dungeon Crawl Stone Soup version 0.30-a0-862-g1aabd4f9c5 (webtiles) character file.

Game seed: 3750547278942145390

345 fozzywoppz the Ruffian (level 6, -3/39 HPs)
             Began as a Gargoyle Monk on Mar 9, 2023.
             Engulfed by a cloud of flame (9 damage)
             ... on level 4 of the Dungeon.
             The game lasted 00:08:49 (2888 turns).

fozzywoppz the Ruffian (Gargoyle Monk)              Turns: 2888, Time: 00:08:50

Health: -3/39      AC: 12    Str: 21      XL:     6   Next: 58%
Magic:  6/6        EV: 11    Int: 10      God:
Gold:   201        SH:  0    Dex: 13 (14) Spells: 5/5 levels left

rFire   + . .      SeeInvis .      - Unarmed
rCold   . . .      Faith    .    (no shield)
rNeg    + . .      Spirit   .    o - +2 scale mail {rF+}
rPois   ∞          Reflect  .    (no helmet)
rElec   +          Rampage  .    (no cloak)
rCorr   .                        (no gloves)
Will    .....                    (no boots)
Stlth   +                        (no amulet)
HPRegen 0.26/turn                f - +6 ring of strength
MPRegen 0.10/turn                (no ring)

@: no status effects
A: sickness immunity, AC +4, negative energy resistance 1, electricity
resistance, torment resistance 1, petrification resistance
a: no special abilities


You were on level 4 of the Dungeon.
You visited 1 branch of the dungeon, and saw 4 of its levels.

You collected 201 gold pieces.

Inventory:

Armour
 o - a +2 scale mail of fire resistance (worn)
Jewellery
 f - a +6 ring of strength (left hand)
 j - a ring of fire
Scrolls
 e - a scroll of enchant armour {unknown}
 g - a scroll of noise {unknown}
 i - 2 scrolls of teleportation {unknown}
 k - 3 scrolls of fear {unknown}
 m - a scroll of magic mapping {unknown}
 n - 3 scrolls of identify
 p - a scroll of poison {unknown}
 q - a scroll of blinking {unknown}
Potions
 a - a potion of might {unknown}
 b - 2 potions of experience {unknown}
 c - 3 potions of cancellation
 h - a potion of resistance
 l - a potion of curing


   Skills:
 + Level 4.7 Fighting
 - Level 1.3 Armour
 + Level 3.6 Dodging
 - Level 3.0 Stealth
 + Level 5.0 Unarmed Combat


You had 5 spell levels left.
You didn't know any spells.
Your spell library contained the following spells:

 Spells                   Type           Power      Damage    Failure   Level
 Sandblast                Erth           0%         2d4       71%         1
 Blink                    Tloc           0%         N/A       85%         2
 Passwall                 Tmut/Erth      0%         N/A       85%         2
 Stone Arrow              Conj/Erth      0%         3d7       97%         3
 Manifold Assault         Tloc           0%         N/A       100%        4
 Storm Form               Tmut/Air       0%         N/A       100%        7


Dungeon Overview and Level Annotations

Branches:
Dungeon (4/15)
 Temple: D:4-7

Altars:
Uskayaw
Vehumet
The Shining One

Shops:
D:1 :   D:4 :


Innate Abilities, Weirdness & Mutations

You are immune to sickness and miasma.
Your stone body is resilient. (AC +4)
You are immune to poison.
You resist negative energy. (rN+)
You are resistant to electric shocks. (rElec)
You are resistant to unholy torment.
You are immune to petrification.


Message History

As you read the scroll of immolation, it crumbles to dust.
The creatures around you are filled with an inner flame!
The bat hits you but does no damage.
The quasit bites you but does no damage.
The quasit claws you but does no damage. x2
The bat closely misses you.
Eustachio gestures wildly while chanting.
Eustachio blinks!
The quasit barely misses you.
The quasit claws you but does no damage. x2
The bat closely misses you. The bat hits you but does no damage. x2
The quokka barely misses you. The bat barely misses you.
Eustachio mumbles some strange words.
Eustachio blinks!
The bat hits you but does no damage. The river rat barely misses you.
The quokka bites you.
Unknown command.
You closely miss the bat. The bat hits you but does no damage.
The bat closely misses you. x2; The quasit barely misses you.
The quasit claws you but does no damage. x2
The river rat barely misses you. The quokka barely misses you.
Unknown command.
The bat attacks as you move away! The bat barely misses you.
The river rat attacks as you move away! The river rat bites you.
The bat closely misses you. x3
The quasit bites you but does no damage.
The quasit claws you but does no damage. x2
Eustachio hits you but does no damage. The bat misses you.
The quasit bites you but does no damage.
The quasit claws you but does no damage. x2
Unknown command.
You punch Eustachio!
The quokka disappears in a puff of smoke!
The quasit disappears in a puff of smoke!
The river rat disappears in a puff of smoke!
The bat disappears in a puff of smoke! x2
The quasit disappears in a puff of smoke!
Eustachio explodes!
The fiery explosion engulfs you! You resist.
* * * LOW HITPOINT WARNING * * *
You are engulfed in blazing flames.
You resist.
You die...

#.......§.≈...≈.≈.###
#.......§.≈≈≈≈≈.≈...#
#.......§.§....§≈§#.#
#..(....§§≈≈.≈§≈≈§..# ###
#..............§§.#.# ..#
#......!#.....+.###.## #.#
###.....#.....#.###...
#'############.....#.....#..#####
.............#..@§§#.....##...#..
.............#§§§)§#.....####...#
.............#.§§§.###+######...#
.............#..5..# #..........#
.....#####...####'## ########...#
.....'...+...'# ..! #...#
.....#####...##.#.#. #.#.# .....#
#...##..∩..# #.#.. ###### #...##
#.# # #.#.#


There were no monsters in sight!

Vanquished Creatures
  Eustachio (D:4)
  A black bear (D:4)
  A centaur (D:3)
  2 hounds (D:4)
  An iguana (D:4)
  3 adders
  2 worms
  A dart slug (D:4)
  An orc (D:3)
  3 ball pythons (D:1)
  6 bats (D:1)
  6 endoplasms
  2 giant cockroaches
  8 goblins
  7 hobgoblins
  4 jackals (D:3)
  5 kobolds
  A quokka (D:4)
  4 rats
59 creatures vanquished.

Notes
Turn   | Place    | Note
-------+----------+-------------------------------------------
     0 | D:1      | fozzywoppz the Gargoyle Monk began the quest for the Orb.
     0 | D:1      | Reached XP level 1. HP: 14/14 MP: 1/1
   113 | D:1      | Reached XP level 2. HP: 15/19 MP: 2/2
   269 | D:1      | Found a faded altar of an unknown god.
   339 | D:1      | Found Rupputea's Book Shoppe.
   611 | D:2      | Reached XP level 3. HP: 22/23 MP: 3/3
  1431 | D:3      | Found a radiant altar of Vehumet.
  1482 | D:3      | Found a glowing golden altar of the Shining One.
  1722 | D:3      | Reached XP level 4. HP: 20/29 MP: 4/4
  1884 | D:3      | Noticed a centaur
  1910 | D:3      | Killed a centaur
  1911 | D:3      | Reached skill level 1 in Armour
  1911 | D:3      | Reached skill level 4 in Unarmed Combat
  1911 | D:3      | Reached XP level 5. HP: 7/33 MP: 5/5
  2193 | D:4      | Noticed a black bear
  2229 | D:4      | Killed a black bear
  2230 | D:4      | Reached XP level 6. HP: 39/39 MP: 6/6
  2419 | D:4      | Found a hide-covered altar of Uskayaw.
  2550 | D:4      | Reached skill level 5 in Unarmed Combat
  2859 | D:4      | Found Tarasa's Book Boutique.
  2859 | D:4      | Noticed Eustachio
  2888 | D:4      | Killed Eustachio
  2888 | D:4      | Engulfed by a cloud of flame

Illustrated notes

Levels and vault maps discovered:
D:1:      lightli_iron_boxes, layout_basic, serial_forest,
          infiniplex_forest_pool, infiniplex_forest_lined_3,
          infiniplex_forest_lined_3_way, infiniplex_forest_join,
          infiniplex_forest_straight_4, infiniplex_forest_lined_1,
          infiniplex_forest_lined_1, ebering_ecumenical_altar_sacrificial,
          serial_shops, nicolae_shop_behind_doors
D:2:      layout_loops_corners, kennysheep_generic_room_6
D:3:      layout_rooms, mainiacjoe_overflow_boulevard, old_standard_altar,
          minmay_crystal_water, nrook_mini_backslash, minivault_24
D:4:      layout_basic, mainiacjoe_overflow_concentric_impassable, serial_shops,
          kennysheep_little_box, uniq_eustachio

Skill      XL: |  1  2  3  4  5  6 |
---------------+-------------------+-----
Dodging        | 3 |  3.6
Armour         | 1 |  1.3
Unarmed Combat | 4 5 |  5.0
Fighting       | 4 |  4.7
Stealth        | 3 |  3.0

Action                     |  1- 3 |  4- 6 || total
---------------------------+-------+-------++-------
  Melee: Unarmed           |   112 |   128 ||   240
         Punch             |       |     5 ||     5
    Use: Scroll            |     1 |     7 ||     8
         Potion            |       |     2 ||     2
   Stab: Sleeping          |     3 |       ||     3
 Armour: Robe              |    24 |       ||    24
         Scale mail        |    21 |    95 ||   116
         Ring mail         |    12 |       ||    12
         Skin              |       |     7 ||     7
  Dodge: Dodged            |    80 |   120 ||   200

Table legend: (Time is in decaauts)
 A = Elapsed time spent in this place.
 B = Non-inter-level travel time spent in this place.
 C = Inter-level travel time spent in this place.
 D = Time resting spent in this place.
 E = Time spent auto-exploring this place.
 F = Levels seen in this place.
 G = Mean time per level.
                   A        B        C        D        E       F      G
               +--------+--------+--------+--------+--------+-----+--------+
         Total |   2869 |   2795 |     74 |     38 |   1666 |   4 |  717.2 |
       Dungeon |   2869 |   2795 |     74 |     38 |   1666 |   4 |  717.2 |
               +--------+--------+--------+--------+--------+-----+--------+

Top non-repeatable levels by time:
     D:2: 821 daAuts
     D:4: 773 daAuts
     D:3: 679 daAuts
     D:1: 595 daAuts
